 Dungeon Crawl Stone Soup version 0.20-a0-1122-gb7cbeb9 (webtiles) character file.

361 Alarkh the Insei (level 6, 0/47 HPs)
             Began as a Demonspawn Transmuter on May 13, 2017.
             Killed from afar by Phong's ghost (8 damage)
             ... with a puff of frost
             ... on level 3 of the Dungeon.
             The game lasted 00:04:21 (4964 turns).

Alarkh the Insei (Demonspawn Transmuter)            Turns: 4964, Time: 00:04:22

Health: 0/47       AC:  3    Str: 10    XL:     6   Next: 38%
Magic:  7/9        EV: 15    Int: 16    God:
Gold:   156        SH:  0    Dex: 14    Spells: 3/9 levels left

rFire    . . .     SeeInvis .     - Unarmed
rCold    . . .     Gourm    .   (no shield)
rNeg     . . .     Faith    .   b - +0 robe
rPois    .         Spirit   .   (no helmet)
rElec    .         Reflect  .   (no cloak)
rCorr    .         Harm     .   s - +0 pair of gloves
MR       .....                  (no boots)
Stlth    ..........             (no amulet)
Regen    0.2/turn               k - ring of loudness (curse)
MPRegen  0.2/turn               p - +2 ring of evasion

@: no status effects
A: claws 1, powered by death 1
a: no special abilities


You were on level 3 of the Dungeon.
You were not hungry.

You visited 1 branch of the dungeon, and saw 4 of its levels.

You collected 156 gold pieces.

Inventory:

Missiles
 a - 69 arrows
Armour
 b - a +0 robe (worn)
 s - a +0 pair of gloves (worn)
Jewellery
 k - a cursed ring of loudness (left hand)
 p - a +2 ring of evasion (right hand)
Scrolls
 f - a scroll of amnesia {unknown}
 g - a scroll of fog {unknown}
 i - a scroll of random uselessness {unknown}
 j - a scroll of teleportation
 l - a scroll of remove curse {unknown}
 o - a scroll of noise {unknown}
 q - 2 scrolls of recharging {unknown}
Potions
 e - a potion of berserk rage {unknown}
 h - 2 potions of curing
 m - 2 potions of might {unknown}
 n - 2 potions of heal wounds {unknown}
 r - a potion of brilliance {unknown}
Books
 c - a book of Changes

   Spells                             Type                      Level
   a - Beastly Appendage              Transmutation                1
   b - Sticks to Snakes               Transmutation                2
   c - Spider Form                    Transmutation/Poison         3
   d - Ice Form                       Ice/Transmutation            4
   e - Blade Hands                    Transmutation                5
Comestibles
 d - 4 bread rations
 t - a royal jelly
 u - 4 fruits
 v - a chunk of flesh


   Skills:
 + Level 3.6 Fighting
 + Level 3.4 Dodging
 * Level 4.7 Unarmed Combat
 - Level 2.0 Spellcasting
 - Level 1.7 Transmutations


You had 3 spell levels left.
You knew the following spells:

 Your Spells              Type           Power        Failure   Level  Hunger
a - Sticks to Snakes      Tmut           #.......     16%         2    ###....
b - Beastly Appendage     Tmut           #.....       10%         1    #......
c - Spider Form           Tmut/Pois      #.........   41%         3    ###....


Dungeon Overview and Level Annotations

Branches:
Dungeon (4/15)
 Temple: D:4-7

Altars:
Wu Jian

Annotations:
D:3 Phong's ghost, amateur OpIE


Innate Abilities, Weirdness & Mutations

You have sharp fingernails.
You regenerate a little health from kills.


Message History

The ice beast freezes you!
* * * LOW HITPOINT WARNING * * *
Okay, then.
Your transformation has ended.
Your +0 pair of gloves unmelds from your body.
Your +0 robe unmelds from your body.
Things that are here:
a war axe; a scale mail; an orc skeleton You see here a dagger.
Some of the chunks of flesh in your inventory have rotted away.
Your magical contamination has completely faded away.
Phong's ghost turns its malevolent gaze towards you.
There is a stone staircase leading down here.
Phong's ghost hits you.
* * * LOW HITPOINT WARNING * * *
Phong's ghost closely misses you. Phong's ghost barely misses you.
Phong's ghost casts a spell at you. The puff of frost hits you!
You die...

..... .......#.#.#
#.# #####
#.....#.#W# #.# #
#.. #.....#.#.#
#.########## # #.#
#.....#.#.#
#[W)...W.... #.#
#.....#.#.#
############ #.#
#.....#.#.# ####
#.# #.........#
...# #.#
#.....#.### ...#
#.# #..#..#@#
...###.###..####.#
..........>...YW.#
...#######.....#.#
...# #.....###
.###### #.....#
.##...# #.#####
.##...# #.#
.##...# #.#


You could see Phong's ghost.

Vanquished Creatures
  2 ogres (D:4)
  An iguana (D:4)
  A worker ant (D:4)
  A howler monkey skeleton (D:4)
  An adder (D:2)
  3 oozes
  A worm (D:2)
  3 dart slugs
  4 orcs (D:3)
  A ball python (D:2)
  7 bats
  4 giant cockroaches
  7 goblins
  12 hobgoblins
  7 kobolds
  2 quokkas
  3 frilled lizards
  5 rats
65 creatures vanquished.

Vanquished Creatures (collateral kills)
  An iguana (D:4)
  An adder (D:2)
  An orc (D:3)
3 creatures vanquished.

Grand Total: 68 creatures vanquished

Notes
Turn   | Place    | Note
-------+----------+-------------------------------------------
     0 | D:1      | Alarkh the Demonspawn Transmuter began the quest for the Orb.
     0 | D:1      | Reached XP level 1. HP: 15/15 MP: 3/3
   560 | D:1      | Gained mutation: You have sharp fingernails. [demonic ancestry]
   560 | D:1      | Reached XP level 2. HP: 8/21 MP: 3/5
   796 | D:1      | Reached skill level 3 in Unarmed Combat
  1099 | D:1      | Gained mutation: You regenerate a little health from kills. [demonic ancestry]
  1099 | D:1      | Reached XP level 3. HP: 27/27 MP: 6/6
  1856 | D:1      | Learned a level 2 spell: Sticks to Snakes
  1860 | D:1      | Learned a level 3 spell: Spider Form
  2715 | D:2      | Reached XP level 4. HP: 31/34 MP: 7/7
  3256 | D:3      | Noticed Phong's ghost (amateur OpIE)
  3452 | D:4      | Found an ornate altar of the Wu Jian Council.
  4225 | D:4      | Reached XP level 5. HP: 11/41 MP: 0/8
  4462 | D:4      | Reached skill level 4 in Unarmed Combat
  4560 | D:4      | Noticed an ogre
  4604 | D:4      | Killed an ogre
  4722 | D:4      | Noticed an ogre
  4728 | D:4      | Killed an ogre
  4728 | D:4      | Reached XP level 6. HP: 47/47 MP: 5/9
  4904 | D:3      | Noticed an ice beast
  4964 | D:3      | Killed from afar by Phong's ghost

Vault maps used:
D:1:      evilmike_arrival_home_sweet_home
D:2:      first_bread
D:4:      nicolae_overflow_hidden_temple, grunt_ministairs_10

Skill      XL: |  1  2  3  4  5 |
---------------+----------------+-----
Dodging        | 2 3 |  3.4
Unarmed Combat | 3 4 |  4.7
Fighting       | 2 3 |  3.6
Spellcasting   | |  2.0
Transmutations | |  1.7

Action                   |  1- 3 |  4- 6 || total
-------------------------+-------+-------++-------
Melee: Unarmed           |   129 |   119 ||   248
       Headbutt          |     4 |       ||     4
       Kick              |     1 |       ||     1
       Punch             |     1 |     1 ||     2
 Cast: Beastly Appendage |     4 |       ||     4
       Sticks to Snakes  |     2 |     4 ||     6
       Spider Form       |     1 |     4 ||     5
  Use: Scroll            |       |     1 ||     1
       Potion            |       |     1 ||     1
 Stab: Distracted        |       |     2 ||     2
  Eat: Chunk             |     5 |     5 ||    10
       Bread ration      |       |     1 ||     1
Armor: Robe              |    29 |    12 ||    41
Dodge: Dodged            |    93 |    88 ||   181
